 Dungeon Crawl Stone Soup version 0.22-a0-785-g6253c82ace (webtiles) character file.

123 Oravi the Digger (level 5, -8/28 HPs)
             Began as a Gargoyle Earth Elementalist on July 20, 2018.
             Was an Initiate of Vehumet.
             Mangled by an orc warrior
             ... wielding a cursed +0 scimitar
              (15 damage)
             ... on level 3 of the Dungeon.
             The game lasted 00:10:51 (2451 turns).

Oravi the Digger (Gargoyle Earth Elementalist)      Turns: 2451, Time: 00:10:52

Health: -8/28      AC:  8    Str: 11    XL:     5   Next: 7%
Magic:  1/9        EV: 17    Int: 17    God:    Vehumet [......]
Gold:   151        SH:  0    Dex: 10    Spells: 6/10 levels left

rFire    . . .     SeeInvis .   m - +1 whip (drain)
rCold    . . .     Gourm    .   (no shield)
rNeg     + . .     Faith    .   c - +0 robe
rPois    ∞         Spirit   .   (no helmet)
rElec    +         Reflect  .   n - +0 cloak
rCorr    .         Harm     .   r - +0 pair of gloves (curse)
MR       .....                  (no boots)
Stlth    ++........             g - amulet of the acrobat
HPRegen  0.09/turn              k - +5 ring of evasion
MPRegen  0.11/turn              (no ring)

@: very slightly contaminated
A: negative energy resistance 1, electricity resistance, unbreathing,
petrification resistance, rot immunity, AC +4
a: Renounce Religion


You were on level 3 of the Dungeon.
You worshipped Vehumet.
Vehumet was noncommittal.
You were very hungry.

You visited 1 branch of the dungeon, and saw 4 of its levels.

You collected 151 gold pieces.

Inventory:

Hand Weapons
 e - a +0 short sword
 f - a +2 mace of crushing
 m - a +1 whip of draining (weapon)
Missiles
 b - 76 stones (quivered)
Armour
 c - a +0 robe (worn)
 n - a +0 cloak (worn)
 r - a cursed +0 pair of gloves (worn)
Jewellery
 g - an amulet of the acrobat (around neck)
 k - a +5 ring of evasion (left hand)
Scrolls
 i - 3 scrolls of immolation
 l - a scroll of remove curse
Potions
 a - a potion of lignification
 h - 2 potions of curing
 j - a potion of mutation
 o - 2 potions of flight {unknown}
 p - a potion of heal wounds {unknown}
 q - a potion of magic {unknown}
 s - a potion of resistance {unknown}
Comestibles
 d - 12 rations


   Skills:
 + Level 0.3 Fighting
 - Level 1.5 Dodging
 - Level 2.1 Stealth
 + Level 3.3 Spellcasting
 + Level 2.0 Conjurations
   Level 0.7 Transmutations
 + Level 5.0 Earth Magic


You had 6 spell levels left.
You knew the following spells:

 Your Spells              Type           Power        Failure   Level  Hunger
a - Sandblast             Erth           ###...       2%          1    None
b - Stone Arrow           Conj/Erth      ##....       12%         3    ###....

Your spell library contained the following spells:

 Spells                   Type           Power        Failure   Level  Hunger
 Passwall                 Tmut/Erth      ##......     8%          2    ##.....
 Lee's Rapid Deconstruct  Erth           ###.......   52%         5    ######.
 Petrify                  Tmut/Erth      ##......     45%         4    ####...


Dungeon Overview and Level Annotations

Branches:
Dungeon (4/15)
 Temple: D:4-7

Altars:
Kikubaaqudgha
Nemelex Xobeh
Ru
Vehumet


Innate Abilities, Weirdness & Mutations

You are resistant to torment.
Your stone body is resilient. (AC +4)
You are immune to poison.
You resist negative energy. (rN+)
You are resistant to electric shocks. (rElec)
You can survive without breathing.
You are immune to petrification.
You are immune to rotting.


Message History

The orc warrior hits you with a scimitar!
Ouch! That really hurt!
* * * LOW HITPOINT WARNING * * *
You are feeling very hungry.
The orc wizard looks satisfied for a moment.
The orc wizard gestures at you while chanting.
The puff of flame misses you.
There is a stone staircase leading up here.
The orc wizard gestures at you while chanting.
The puff of flame misses you. The orc warrior closely misses you.
The orc wizard closely misses you.
You climb upwards.
There is a stone staircase leading down here.
Okay, then.
The orc wizard casts a spell at you. The magic dart hits you!
* * * LOW HITPOINT WARNING * * *
The orc warrior hits you with a scimitar!
Ouch! That really hurt!
You die...

####### ############ #.>o..#
...........# #o.@..# #
#######....# #.....# #
#######....# #.....# #
#....##....# #.....# #
#[...''....######..# ### #
#....##............##########.# #
#....###+####.................###
.........#.##......##########....
...............#...# #.......###


You could see an orc warrior and an orc wizard.

Vanquished Creatures
  An orc wizard (D:2)
  3 gnolls (D:2)
  2 adders
  3 dart slugs
  A leopard gecko (D:1)
  6 bats
  A giant cockroach (D:2)
  8 goblins
  3 hobgoblins (D:2)
  2 ball pythons
  6 frilled lizards
  7 kobolds
  7 rats
50 creatures vanquished.

Notes
Turn   | Place    | Note
-------+----------+-------------------------------------------
     0 | D:1      | Oravi the Gargoyle Earth Elementalist began the quest for the Orb.
     0 | D:1      | Reached XP level 1. HP: 10/10 MP: 3/3
   153 | D:1      | Reached XP level 2. HP: 15/15 MP: 0/5
   169 | D:1      | Reached skill level 4 in Earth Magic
   865 | D:2      | Reached XP level 3. HP: 19/19 MP: 4/6
   870 | D:2      | Learned a level 3 spell: Stone Arrow
   880 | D:2      | Found a sacrificial altar of Ru.
   898 | D:2      | Reached skill level 1 in Conjurations
   947 | D:2      | Reached XP level 4. HP: 24/24 MP: 1/8
  1269 | D:2      | Found a radiant altar of Vehumet.
  1279 | D:2      | Became a worshipper of Vehumet
  1789 | D:2      | Found an ancient bone altar of Kikubaaqudgha.
  1801 | D:2      | Reached skill level 5 in Earth Magic
  2016 | D:3      | Reached XP level 5. HP: 26/28 MP: 9/9
  2095 | D:3      | Found a sparkling altar of Nemelex Xobeh.
  2425 | D:4      | Noticed an orc warrior
  2451 | D:3      | Mangled by an orc warrior

Vault maps used:
D:1:      eino_arrival_cavern_c, lemuel_flame_loot_1
D:2:      kiku_gazebo_garden_becter, nicolae_ru_great_annihilating_truth,
          vehumet_crystals, grunt_ministairs_7, supply_closet_lemuel
D:3:      nemelex_diamond_rough_becter
D:4:      first_ration, minmay_vboxes, uniq_blork_the_orc

Skill      XL: |  1  2  3  4 |
---------------+-------------+-----
Earth Magic    | 4 5 |  5.0
Conjurations   | 1 2 |  2.0
Spellcasting   | 3 |  3.3
Fighting       | |  0.3
Dodging        | |  1.5
Stealth        | |  2.1
Transmutations | |  0.7

Action                   |  1- 3 |  4- 6 || total
-------------------------+-------+-------++-------
Melee: Unarmed           |    10 |       ||    10
       Short sword       |    28 |       ||    28
       Mace              |    17 |    35 ||    52
       Whip              |       |    27 ||    27
Throw: Stone             |     2 |     8 ||    10
 Cast: Sandblast         |    16 |    22 ||    38
  Use: Scroll            |       |     8 ||     8
 Stab: Sleeping          |     4 |     1 ||     5
       Paralysed         |     1 |       ||     1
  Eat: Chunk             |       |     4 ||     4
Armor: Robe              |    22 |    28 ||    50
Dodge: Dodged            |    32 |    68 ||   100

Table legend:
 A = Spawn XP
 B = Non-spawn XP
 C = Spawn XP percentage of total XP
 D = Spawn monster count
 E = Non-spawn monster count
 F = Spawn count percentage of total count
 G = Total turns spent on level
                    A         B        C        D         E        F      G
               +---------+---------+-------+---------+---------+-------+---------
         Total |       0 |     176 |   0.0 |       0 |      50 |   0.0 |  2451
               +---------+---------+-------+---------+---------+-------+---------
           D:1 |       0 |      29 |   0.0 |       0 |      18 |   0.0 |   915
           D:2 |       0 |     130 |   0.0 |       0 |      28 |   0.0 |   941
           D:3 |       0 |      17 |   0.0 |       0 |       4 |   0.0 |   545
               +---------+---------+-------+---------+---------+-------+---------
